 Dungeon Crawl Stone Soup version 0.31-a0-263-ge8cad7f256 (webtiles) character file.

Game seed: 18108631970203136594

51 qw the Shooter (level 3, -3/29 HPs)
             Began as a Minotaur Hexslinger on July 13, 2023.
             Slain by an iguana (10 damage)
             ... on level 3 of the Dungeon.
             The game lasted 00:00:40 (2030 turns).

qw the Shooter (Minotaur Hexslinger)                Turns: 2030, Time: 00:00:40

Health: -3/29      AC:  5    Str: 12    XL:     3   Next: 58%
Magic:  3/3        EV: 11    Int: 10    God:
Gold:   186        SH:  0    Dex: 14    Spells: 3/4 levels left

rFire   + . .        Y - +1 sling
rCold   . . .        (no shield)
rNeg    . . .        g - +0 ring mail
rPois   .            (helmet restricted)
rElec   .            (no cloak)
rCorr   .            (no gloves)
SInv    .            (no boots)
Will    .....        (no amulet)
Stlth   +            i - ring of protection from fire
HPRegen 0.24/turn    (no ring)
MPRegen 0.08/turn

%: no passive effects
@: no status effects
A: horns 2, retaliatory headbutt
a: no special abilities


You were on level 3 of the Dungeon.
You visited 1 branch of the dungeon, and saw 3 of its levels.

You collected 186 gold pieces.


Innate Abilities, Weirdness & Mutations

You have a pair of horns on your head.
You reflexively headbutt those who attack you in melee.


   Skills:
 - Level 2.0 Fighting
 + Level 4.0 Ranged Weapons
 - Level 1.0 Armour
 - Level 2.1 Dodging
 - Level 1.0 Spellcasting
 - Level 2.0 Hexes


You had 3 spell levels left.
You knew the following spells:

 Your Spells              Type           Power      Damage    Failure   Level
a - Slow                  Hex            16%        N/A       34%         1

Your spell library contained the following spells:

 Spells                   Type           Power      Damage    Failure   Level
 Inner Flame              Hex/Fire       2%         N/A       83%         3
 Portal Projectile        Hex/Tloc       4%         N/A       83%         3
 Cause Fear               Hex            2%         N/A       98%         4

Inventory:

Hand Weapons
 Y - a +1 sling (weapon)
Armour
 g - a +0 ring mail (worn)
Jewellery
 i - a ring of protection from fire (left hand)
Scrolls
 a - a scroll of immolation {unknown}
 b - a scroll of identify
 c - a scroll of amnesia {unknown}
Potions
 d - a potion of curing
 e - a potion of lignification {unknown}
 j - a potion of might {unknown}
 k - a potion of berserk rage {unknown}

Dungeon Overview and Level Annotations

Branches:
Dungeon (3/15)

Altars:

Annotations:
D:2 1 runed translucent door, Crazy Yiuf


Message History

Enter note:
Enter note:
Enter note:
Enter note:
Enter note:
Enter note: You shoot a sling bullet.
The sling bullet hits the iguana.
The iguana is lightly wounded.
You shoot a sling bullet. The sling bullet hits the iguana.
The iguana is moderately wounded.
You shoot a sling bullet.
The sling bullet closely misses the iguana.
The iguana barely misses you. The iguana closely misses you.
You shoot a sling bullet.
The sling bullet hits the iguana but does no damage.
The iguana is moderately wounded.
The iguana completely misses you.
You shoot a sling bullet. The sling bullet hits the iguana.
The iguana is moderately wounded.
The iguana bites you but does no damage.
You shoot a sling bullet. The sling bullet hits the iguana.
The iguana is heavily wounded.
The iguana misses you. The iguana closely misses you.
You shoot a sling bullet.
The sling bullet barely misses the iguana.
The iguana bites you.
You shoot a sling bullet. The sling bullet hits the iguana.
The iguana is heavily wounded.
The iguana bites you.
You shoot a sling bullet.
The sling bullet closely misses the iguana.
The iguana bites you! The iguana barely misses you.
You shoot a sling bullet. The sling bullet hits the iguana.
The iguana is severely wounded.
The iguana bites you.
You shoot a sling bullet.
The sling bullet hits the iguana but does no damage.
The iguana is severely wounded.
The iguana bites you!
You die...

########## ##
#........# #.
#.######@# ##.
#.# #.l......
#.. #.#
#########. #.#
#.####### #.#
###.# #.#.....#
######.# #....
#####.#.###.#
#>.....# #.#..
#.....#.###.#
#.##...## #.#.#
#.#.........#
#.##....###.#..
#.#.........#
#.# #...#...#..


You could see an iguana.

Vanquished Creatures
  A worm (D:3)
  3 dart slugs
  3 ball pythons (D:1)
  2 bats (D:3)
  5 endoplasms
  3 giant cockroaches
  8 hobgoblins
  A jackal (D:3)
  3 kobolds
  A quokka (D:3)
  2 frilled lizards
  A goblin (D:3)
  5 rats
38 creatures vanquished.

Notes
Turn   | Place    | Note
-------+----------+-------------------------------------------
     0 | D:1      | qw the Minotaur Hexslinger began the quest for the Orb.
     0 | D:1      | Reached XP level 1. HP: 16/16 MP: 1/1
     0 | D:1      | 0 ||| qw: Version: 0.3-a-52-g30416fa
     0 | D:1      | 0 ||| qw: Game counter: 7143
     0 | D:1      | 0 ||| qw: Melee chars always use a shield: true
     0 | D:1      | 0 ||| qw: God list: Okawaru
     0 | D:1      | 0 ||| qw: Allow faded altars: false
     0 | D:1      | 0 ||| qw: Do Orc after clearing Dungeon:15 true
     0 | D:1      | 0 ||| qw: Do second Lair branch before Depths: true
     0 | D:1      | 0 ||| qw: Lair rune preference: random
     0 | D:1      | 0 ||| qw: Goals: Normal
     0 | D:1      | 0 ||| PLANNING D:1-11
   148 | D:1      | Reached skill level 3 in Ranged Weapons
   173 | D:1      | Reached XP level 2. HP: 23/23 MP: 2/2
   442 | D:1      | 442 ||| UPGRADING to +0 ring mail.
   452 | D:1      | 452 ||| DROPPING +0 robe.
   453 | D:1      | 453 ||| UPGRADING to ring of protection from fire.
   454 | D:1      | 454 ||| READING scroll labelled YSOIPIOK TEOSA.
   455 | D:1      | 455 ||| READING scroll labelled HOFETAM CYTY.
   456 | D:1      | 456 ||| READING scroll labelled VUALE ZIEM.
   457 | D:1      | 457 ||| READING scroll labelled SOECZI ZUCOIZ.
   458 | D:1      | 458 ||| DRINKING 2 smoky green potions.
   459 | D:1      | 459 ||| DROPPING scroll of poison.
   921 | D:2      | Reached XP level 3. HP: 29/29 MP: 3/3
  1077 | D:2      | Found a runed translucent door.
  1078 | D:2      | Noticed Crazy Yiuf
  1346 | D:2      | 1346 ||| READING 2 scrolls labelled ZERESADIMN.
  1447 | D:2      | 1447 ||| READING scroll labelled HEZEOPSYFEC.
  1448 | D:2      | 1448 ||| DROPPING scroll of silence.
  1662 | D:3      | 1662 ||| Stepping ~*~*~tactically~*~*~ (outnumbered).
  1666 | D:3      | 1666 ||| Stepping ~*~*~tactically~*~*~ (outnumbered).
  1667 | D:3      | 1667 ||| Stepping ~*~*~tactically~*~*~ (outnumbered).
  1668 | D:3      | 1668 ||| FLEEEEING.
  1670 | D:3      | 1670 ||| FLEEEEING.
  1671 | D:3      | 1671 ||| FLEEEEING.
  1704 | D:3      | Reached skill level 4 in Ranged Weapons
  1996 | D:3      | Reached skill level 1 in Armour
  2029 | D:3      | HP: 7/29 [iguana (1)]
  2030 | D:3      | Slain by an iguana

Levels and vault maps discovered:
D:1:      wander_arrival_chamber, layout_rooms
D:2:      layout_basic, uniq_crazy_yiuf_cottage
D:3:      layout_basic, nicolae_hexahallways, minmay_ruptured

Skill      XL: |  1  2  3 |
---------------+----------+-----
Ranged Weapons | 3 4 |  4.0
Fighting       | 2 |  2.0
Armour         | 1 |  1.0
Dodging        | |  2.1
Spellcasting   | |  1.0
Hexes          | |  2.0

Action                     || total
---------------------------++-------
   Fire: Sling             ||   131
    Use: Scroll            ||     6
         Potion            ||     1
 Armour: Ring mail         ||    13
  Dodge: Dodged            ||    27

Table legend:
 A = Non-vault XP
 B = Vault XP
 C = Vault XP percentage of total XP
 D = Non-vault monster count
 E = Vault monster count
 F = Vault count percentage of total count
                 A         B        C        D         E       F
            +---------+---------+-------+---------+---------+-------
      Total |      65 |       9 |  12.2 |      34 |       4 |  10.5
            +---------+---------+-------+---------+---------+-------
        D:1 |      20 |       0 |   0.0 |      13 |       0 |   0.0
        D:2 |      23 |       0 |   0.0 |      11 |       0 |   0.0
        D:3 |      22 |       9 |  29.0 |      10 |       4 |  28.6
            +---------+---------+-------+---------+---------+-------
